[Event "IIFL Wealth 4th Mumbai Open"]
[Site "Mumbai"]
[Date "2019.01.07"]
[Round "9"]
[White "Pingale Shivraj"]
[Black "Patil, Ketan"]
[Result "1-0"]
[ECO "C03"]
[WhiteElo "1580"]
[BlackElo "1767"]
[Annotator "NA RC"]
[PlyCount "79"]
[EventDate "2018.12.30"]
[EventType "swiss"]
[EventCountry "IND"]
[SourceTitle "playchess.com"]
[Source "ChessBase"]
[SourceQuality "1"]
[TimeControl "40/5400+30:1800+30"]

1. e4 e6 2. d4 d5 3. Nd2 Nc6 4. c3 e5 5. exd5 Qxd5 6. dxe5 Nxe5 7. Ngf3 Bg4 8. Be2 O-O-O 9. O-O h5 10. Nxe5 Qxe5 11. Bxg4+ hxg4 12. Qxg4+ f5 13. Nf3 Qb5 14. Qg3 Nf6 15. Qe5 Qd7 16. Qd4 Bd6 17. Qxa7 Qc6 18. Bg5 Rdf8 19. Rad1 Ne4 20. Qa8+ Kd7 21. Ne5+ Ke6 22. Qxf8 Rxf8 23. Nxc6 bxc6 24. h4 Rh8 25. Rfe1 Kf7 26. g3 Bc5 27. Be3 Bd6 28. Kg2 Nf6 29. Bg5 Ne4 30. f3 Nc5 31. b4 Ne6 32. a3 c5 33. b5 Ra8 34. b6 Rxa3 35. b7 Ra2+ 36. Kf1 Bxg3 37. b8=Q Nxg5 38. Qe8+ Kf6 39. Qe7+ Kg6 40. Qxg5+ 1-0

[Event "IIFL Wealth 4th Mumbai Open"]
[Site "Mumbai"]
[Date "2019.01.07"]
[Round "9"]
[White "Deshpande Jatin N"]
[Black "Kapadi, Yash"]
[Result "0-1"]
[ECO "A41"]
[WhiteElo "1564"]
[BlackElo "1748"]
[Annotator "NA RC"]
[PlyCount "82"]
[EventDate "2018.12.30"]
[EventType "swiss"]
[EventCountry "IND"]
[SourceTitle "playchess.com"]
[Source "ChessBase"]
[SourceQuality "1"]
[TimeControl "40/5400+30:1800+30"]

1. d4 d6 2. Nf3 Nd7 3. e3 Ngf6 4. Be2 g6 5. O-O Bg7 6. b3 O-O 7. Bb2 c6 8. Nbd2 Qc7 9. c4 Re8 10. Qc2 e5 11. e4 a5 12. a3 b6 13. Rad1 Ba6 14. Rfe1 Rac8 15. Bf1 Qa7 16. Nb1 b5 17. h3 a4 18. dxe5 dxe5 19. b4 bxc4 20. Bxc4 Bxc4 21. Qxc4 Nh5 22. Rd6 Nb6 23. Qc5 Bf8 24. Bxe5 Bxd6 25. Bxd6 Qb7 26. Nc3 Nd7 27. Qc4 Nb6 28. Qc5 Ng7 29. Nd4 Ne6 30. Nxe6 Rxe6 31. e5 Rce8 32. Ne4 Nd7 33. Qd4 h6 34. Rc1 Qb5 35. Qa7 Nxe5 36. Bxe5 Qxe5 37. Nc5 Qf4 38. Nd3 Qd2 39. Qa6 Rd8 40. Rxc6 Rxc6 41. Qxc6 Qxd3 0-1

[Event "IIFL Wealth 4th Mumbai Open"]
[Site "Mumbai"]
[Date "2019.01.07"]
[Round "9"]
[White "Awade Pradeep"]
[Black "Sunil, Vaidya"]
[Result "0-1"]
[ECO "C44"]
[WhiteElo "1538"]
[BlackElo "1663"]
[Annotator "NA RC"]
[PlyCount "88"]
[EventDate "2018.12.30"]
[EventType "swiss"]
[EventCountry "IND"]
[SourceTitle "playchess.com"]
[Source "ChessBase"]
[SourceQuality "1"]
[TimeControl "40/5400+30:1800+30"]

1. e4 e5 2. Nf3 Nc6 3. g3 Nf6 4. d3 Bc5 5. Bg2 d6 6. h3 h6 7. c3 O-O 8. O-O a6 9. Nbd2 Nh5 10. Kh2 Ba7 11. Nh4 Nf4 12. gxf4 Qxh4 13. Nf3 Qh5 14. Be3 f5 15. Nd2 Qxd1 16. Raxd1 exf4 17. Bxa7 Rxa7 18. exf5 Bxf5 19. Bd5+ Kh7 20. Bxc6 bxc6 21. Nf3 c5 22. Rfe1 c6 23. Nh4 Bc8 24. d4 g5 25. dxc5 gxh4 26. cxd6 Rd7 27. c4 c5 28. Re5 Bb7 29. Rxc5 Rg8 30. Rg1 Rxg1 31. Kxg1 Kg6 32. Rc7 Rxc7 33. dxc7 Kf5 34. Kf1 Ke5 35. Ke2 Kd6 36. c8=R Bxc8 37. Kf3 Ke5 38. b4 Bxh3 39. b5 Bf1 40. bxa6 Bxc4 41. a7 Bd5+ 42. Kg4 Ke4 43. a4 h3 44. Kxh3 Kf3 0-1

[Event "IIFL Wealth 4th Mumbai Open"]
[Site "Mumbai"]
[Date "2019.01.07"]
[Round "9"]
[White "Dhanvij Ansh"]
[Black "Krishnan, Ritvik"]
[Result "1-0"]
[ECO "A45"]
[WhiteElo "1523"]
[BlackElo "1812"]
[Annotator "NA RC"]
[PlyCount "72"]
[EventDate "2018.12.30"]
[EventType "swiss"]
[EventCountry "IND"]
[SourceTitle "playchess.com"]
[Source "ChessBase"]
[SourceQuality "1"]
[TimeControl "40/5400+30:1800+30"]

1. d4 Nf6 2. Bg5 g6 3. Bxf6 exf6 4. e3 d5 5. Ne2 f5 6. h4 Bg7 7. Nf4 O-O 8. g3 c5 9. c3 cxd4 10. cxd4 Nc6 11. Bg2 Be6 12. Nc3 Ne7 13. Qb3 Re8 14. O-O Qa5 15. Ncxd5 Nxd5 16. Bxd5 Bxd5 17. Nxd5 Rad8 18. Nc3 f4 19. gxf4 Qh5 20. Qxb7 Qxh4 21. Qg2 Rd6 22. Ne4 Rb6 23. b3 g5 24. Ng3 gxf4 25. exf4 Rg6 26. f5 Rg4 27. Rae1 Rxe1 28. Rxe1 Bxd4 29. Re8+ Kg7 30. Kf1 Qg5 31. Qa8 Kh6 32. Qc6+ Kg7 33. Qd6 Qc1+ 34. Ke2 Qc2+ 35. Kf3 Qd1+ 36. Kg2 h5 1-0